Red Wings vs Oilers (R1)

Created - February 15, 2022 at 19:30

Goals
1 2 3 OT1 SO T
Red Wings 0 1 1 0 2 3
Oilers 1 1 0 0 0 2
Shots
1 2 3 OT1 SO T
Red Wings 8 6 10 1 2 25
Oilers 12 11 5 0 2 28

1st period

1. Oilers , Brock McGinn 6 (Connor McDavid 18, Benoit Pouliot 12) at 16:52

Penalties :
Cam Barker (Edm) for Goalie Interference (Minor) at 18:43

2nd period

2. Red Wings , T.J. Hensick 7 (Carson Mcmillan 7, Drew Fata 3) at 1:49 (SH)
3. Oilers , Leon Draisaitl 3 (Jordan Eberle 19, Ryan Nugent-Hopkins 18) at 2:23 (PP)

Penalties :
Tye McGinn (Det) for Hooking (Minor) at 0:58, Taylor Hall (Edm) for Tripping (Minor) at 9:13, Ted Purcell (Edm) for Hooking (Minor) at 13:16, Michael Haley (Det) for Goalie Interference (Minor) at 17:01

3rd period

4. Red Wings , Mike Richards 10 (Marko Dano 10) at 7:28

Penalties :
Kris Versteeg (Det) for Charging (Minor) at 4:44, Jakub Kindl (Det) for Hooking (Minor) at 9:21, Brock McGinn (Edm) for Holding Stick (Minor) at 18:35

Overtime #1

No Goal

Penalties :
No Penalty

Shootout

Red Wings, Kris Versteeg - Goal!
Oilers, Taylor Hall - Stopped by Robin Lehner
Red Wings, Dylan Larkin - Goal!
Oilers, Jordan Eberle - Shot Misses the Net

Penalties :
No Penalty

Goalie Stats

Robin Lehner (Det), 26 saves from 28 shots - (0.929), W, 16-5-2, 65:00 minutes
James Reimer (Edm), 23 saves from 25 shots - (0.920), OTL, 14-7-6, 65:00 minutes

Players Stats for Red Wings

Player Name              G  A  P  +/- PIM S  H  SB GA TA FO     MP     PP MP  PK MP  
------------------------------------------------------------------------------------
Carson Mcmillan          0  1  1   0  0   3  4  0  2  0  0/1    14:10   0:00   4:46 
Connor Brown             0  0  0  -1  0   0  0  0  1  0  1/1    14:39   3:07   0:00 
David Krejci             0  0  0   0  0   0  2  1  0  0  3/4     9:46   0:00   0:22 
David Rundblad           0  0  0   0  0   0  0  1  0  0  0/0    19:50   3:39   0:00 
Drew Fata                0  1  1   1  0   2  3  0  1  2  0/0    26:19   3:42   4:31 
Dylan Larkin             0  0  0  -1  0   0  0  0  0  1  2/5    15:22   3:07   0:00 
Jakub Kindl              0  0  0   0  2   0  2  1  0  0  0/0    13:15   0:00   0:00 
Jiri Fischer             0  0  0   0  0   1  2  2  1  1  0/0    23:11   3:39   2:51 
Jordin Tootoo            0  0  0   0  0   2  0  0  0  1  0/1    10:37   0:00   0:00 
Kris Versteeg            0  0  0  -1  2   4  1  0  1  0  3/5    20:12   3:07   3:32 
Marko Dano               0  1  1   1  0   2  0  1  0  0  2/3    21:19   4:14   0:45 
Michael Haley            0  0  0   1  2   1  1  0  0  0  0/0    11:07   0:00   1:22 
Mike Richards            1  0  1   1  0   3  0  1  2  0  15/29  21:35   4:14   1:56 
Nino Niederreiter        0  0  0   1  0   3  3  0  1  0  1/1    20:08   4:14   0:00 
Philip Samuelsson        0  0  0   0  0   1  7  0  1  4  0/0    25:52   3:42   2:51 
Ryan O'Byrne             0  0  0   1  0   0  0  2  1  2  0/0    21:58   0:00   4:31 
T.J. Hensick             1  0  1   1  0   2  0  1  0  0  0/4    12:38   0:00   2:01 
Tye McGinn               0  0  0   0  2   1  1  0  2  0  0/0    10:36   0:00   0:00 

Players Stats for Oilers

Player Name              G  A  P  +/- PIM S  H  SB GA TA FO     MP     PP MP  PK MP  
------------------------------------------------------------------------------------
Adam Larsson             0  0  0   0  0   1  0  0  0  3  0/0    22:40   0:32   4:21 
Benoit Pouliot           0  1  1   1  0   1  2  0  2  0  0/0    17:18   0:00   2:42 
Brock McGinn             1  0  1   1  2   2  1  0  0  0  0/0    12:09   0:00   0:00 
Cam Barker               0  0  0  -1  2   2  1  1  0  2  0/0    25:48   2:10   3:24 
Connor McDavid           0  1  1   1  0   4  2  2  0  0  9/18   23:51   4:21   4:56 
Darnell Nurse            0  0  0  -1  0   0  1  0  0  2  0/0    23:09   0:00   5:23 
Duncan Keith             0  0  0  -1  0   0  2  0  1  1  0/0    13:55   2:10   0:00 
Dustin Brown             0  0  0  -1  0   0  2  0  0  0  0/1    10:41   0:00   0:00 
Jordan Eberle            0  1  1  -1  0   3  2  0  1  1  1/1    17:08   3:01   0:00 
Kasperi Kapanen          0  0  0   0  0   0  1  0  0  0  0/1    11:57   4:21   0:00 
Leon Draisaitl           1  0  1  -2  0   2  2  0  1  0  1/1    15:50   3:01   0:48 
Maxim Lapierre           0  0  0  -1  0   1  0  0  0  0  3/8    12:00   0:00   1:19 
Rasmus Ristolainen       0  0  0   1  0   2  0  1  3  1  0/0    26:03   4:40   2:33 
Ryan Nugent-Hopkins      0  1  1  -1  0   0  1  0  0  2  10/18  20:35   3:01   1:41 
Taylor Hall              0  0  0   0  2   6  1  0  2  0  1/2    24:50   4:21   3:39 
Ted Purcell              0  0  0   0  2   1  0  0  0  0  0/0     8:51   0:00   0:12 
Tobias Enstrom           0  0  0   0  0   2  0  1  0  1  0/0    17:18   5:12   0:11 
Yanni Gourde             0  0  0   0  0   1  1  0  1  0  2/4     7:57   0:00   0:00 

3 Stars

1 - Mike Richards (Det)
2 - T.J. Hensick (Det)
3 - Drew Fata (Det)

Power Play

Red Wings - 0 on 4 Attempt(s) - 0.00%
Oilers - 1 on 4 Attempt(s) - 25.00%

Penalty Kill

Red Wings - 3 on 4 Attempt(s) - 75.00% - Score 1 goal in Penalty Kill
Oilers - 4 on 4 Attempt(s) - 100.00% - Score 0 goal in Penalty Kill

Team Stat

Red Wings - Hits : 26 - Faceoff Wins : 27 - Blocked Shots : 10 - Penalty Minutes : 8
Oilers - Hits : 19 - Faceoff Wins : 27 - Blocked Shots : 5 - Penalty Minutes : 8

Official

Referees : Dan Kelly and Ghislain Hebert
Linesman : James Tobias and David Brisebois

Game Notes

No Game Note

Finance

Level 1 -- Attendance: 6000 (100.00%) -- Ticket Income $600,000
Level 2 -- Attendance: 5000 (100.00%) -- Ticket Income $300,000
Level 3 -- Attendance: 1950 (97.50%) -- Ticket Income $68,250
Level 4 -- Attendance: 3638 (90.95%) -- Ticket Income $90,950
Luxury Box -- Attendance: 1000 (100.00%) -- Ticket Income $200,000
Game was played at the Rodgers Place.
Total Attendance: 17588 (97.71%)
Total Ticket Income: $1,259,200
Other Income: $188,880
Total Income: $1,448,080

Red Wings

5 vs 5 Forward 
   Center                   Left Wing                Right Wing               Time % Phy DF OF 
 1 Mike Richards            Marko Dano               Nino Niederreiter        40     0   2  3  
 2 Dylan Larkin             Kris Versteeg            Connor Brown             30     0   2  3  
 3 T.J. Hensick             Tye McGinn               Jordin Tootoo            20     0   2  3  
 4 David Krejci             Michael Haley            Carson Mcmillan          10     0   3  2  

5 vs 5 Defense 
   Defense                  Defense                                           Time % Phy DF OF 
 1 Philip Samuelsson        Ryan O'Byrne                                      40     0   2  3  
 2 Jiri Fischer             Drew Fata                                         30     0   2  3  
 3 Jakub Kindl              David Rundblad                                    20     0   2  3  
 4 Jakub Kindl              David Rundblad                                    10     0   3  2  

PowerPlay Forward 
   Center                   Left Wing                Right Wing               Time % Phy DF OF 
 1 Mike Richards            Marko Dano               Nino Niederreiter        60     0   1  4  
 2 Dylan Larkin             Kris Versteeg            Connor Brown             40     0   1  4  

PowerPlay Defense
   Defense                  Defense                                           Time % Phy DF OF 
 1 Philip Samuelsson        Drew Fata                                         60     0   1  4  
 2 David Rundblad           Jiri Fischer                                      40     0   1  4  

Penalty Kill 4 Players Forward 
   Center                   Wing                     Time % Phy DF OF 
 1 Kris Versteeg            Carson Mcmillan          60     0   4  1  
 2 T.J. Hensick             Michael Haley            40     0   4  1  

Penalty Kill 4 Players Defense
   Defense                  Defense                  Time % Phy DF OF 
 1 Ryan O'Byrne             Drew Fata                60     1   4  0  
 2 Philip Samuelsson        Jiri Fischer             40     1   4  0  

Penalty Kill - 3 Players Forward 
   Forward                                           Time % Phy DF OF 
 1 Carson Mcmillan                                   60     1   4  0  
 2 Michael Haley                                     40     1   4  0  

Penalty Kill - 3 Players Defense
   Defense                  Defense                  Time % Phy DF OF 
 1 Ryan O'Byrne             Jiri Fischer             60     0   5  0  
 2 Philip Samuelsson        Drew Fata                40     0   5  0  

4 vs 4 Forward 
   Center                   Wing                     Time % Phy DF OF 
 1 Marko Dano               Nino Niederreiter        55     0   2  3  
 2 Mike Richards            Kris Versteeg            45     0   2  3  

4 vs 4 Defense
   Defense                  Defense                  Time % Phy DF OF 
 1 Philip Samuelsson        Drew Fata                60     0   3  2  
 2 David Rundblad           Jiri Fischer             40     0   3  2  

Last Minutes Offensive
   Center                   Left Wing                Right Wing               Defense                  Defense                  
   Mike Richards            Kris Versteeg            Nino Niederreiter        Philip Samuelsson        Connor Brown             

Last Minutes Defensive
   Center                   Left Wing                Right Wing               Defense                  Defense                  
   T.J. Hensick             Michael Haley            Carson Mcmillan          Ryan O'Byrne             Drew Fata                

Goaltenders
Starting : Robin Lehner             
Backup : Mike McKenna             

Extra Forwards
Normal : Dylan Larkin, Kris Versteeg, Nino Niederreiter - PP : Tye McGinn, Carson Mcmillan - PK : Mike Richards
Extra Defensemen
Normal : Philip Samuelsson, Drew Fata, David Rundblad - PP : David Rundblad - PK : Jakub Kindl, David Rundblad
Penalty Shots
Kris Versteeg, Dylan Larkin, Marko Dano, Mike Richards, Carson Mcmillan

Scratches
Henrik Zetterberg (Bruised Right Foot Injury), Ole-Kristian Tollefsen (Healthy), Ryane Clowe (Healthy)

Oilers

5 vs 5 Forward 
   Center                   Left Wing                Right Wing               Time % Phy DF OF 
 1 Ryan Nugent-Hopkins      Taylor Hall              Jordan Eberle            40     1   2  2  
 2 Connor McDavid           Benoit Pouliot           Brock McGinn             30     1   2  2  
 3 Maxim Lapierre           Leon Draisaitl           Dustin Brown             20     1   2  2  
 4 Yanni Gourde             Ted Purcell              Kasperi Kapanen          10     1   2  2  

5 vs 5 Defense 
   Defense                  Defense                                           Time % Phy DF OF 
 1 Cam Barker               Rasmus Ristolainen                                40     1   2  2  
 2 Darnell Nurse            Adam Larsson                                      30     1   2  2  
 3 Tobias Enstrom           Duncan Keith                                      20     1   2  2  
 4 Cam Barker               Darnell Nurse                                     10     1   2  2  

PowerPlay Forward 
   Center                   Left Wing                Right Wing               Time % Phy DF OF 
 1 Connor McDavid           Taylor Hall              Kasperi Kapanen          60     1   2  2  
 2 Ryan Nugent-Hopkins      Leon Draisaitl           Jordan Eberle            40     1   2  2  

PowerPlay Defense
   Defense                  Defense                                           Time % Phy DF OF 
 1 Rasmus Ristolainen       Tobias Enstrom                                    60     1   2  2  
 2 Cam Barker               Duncan Keith                                      40     1   2  2  

Penalty Kill 4 Players Forward 
   Center                   Wing                     Time % Phy DF OF 
 1 Connor McDavid           Taylor Hall              60     1   2  2  
 2 Ryan Nugent-Hopkins      Benoit Pouliot           40     1   2  2  

Penalty Kill 4 Players Defense
   Defense                  Defense                  Time % Phy DF OF 
 1 Cam Barker               Darnell Nurse            60     1   2  2  
 2 Rasmus Ristolainen       Adam Larsson             40     1   2  2  

Penalty Kill - 3 Players Forward 
   Forward                                           Time % Phy DF OF 
 1 Connor McDavid                                    60     1   2  2  
 2 Ryan Nugent-Hopkins                               40     1   2  2  

Penalty Kill - 3 Players Defense
   Defense                  Defense                  Time % Phy DF OF 
 1 Cam Barker               Darnell Nurse            60     1   2  2  
 2 Rasmus Ristolainen       Adam Larsson             40     1   2  2  

4 vs 4 Forward 
   Center                   Wing                     Time % Phy DF OF 
 1 Connor McDavid           Taylor Hall              60     1   2  2  
 2 Ryan Nugent-Hopkins      Benoit Pouliot           40     1   2  2  

4 vs 4 Defense
   Defense                  Defense                  Time % Phy DF OF 
 1 Cam Barker               Darnell Nurse            60     1   2  2  
 2 Rasmus Ristolainen       Adam Larsson             40     1   2  2  

Last Minutes Offensive
   Center                   Left Wing                Right Wing               Defense                  Defense                  
   Connor McDavid           Taylor Hall              Jordan Eberle            Cam Barker               Darnell Nurse            

Last Minutes Defensive
   Center                   Left Wing                Right Wing               Defense                  Defense                  
   Connor McDavid           Taylor Hall              Jordan Eberle            Cam Barker               Darnell Nurse            

Goaltenders
Starting : James Reimer             
Backup : Jonas Hiller             

Extra Forwards
Normal : Connor McDavid, Leon Draisaitl, Ryan Nugent-Hopkins - PP : Connor McDavid, Leon Draisaitl - PK : Connor McDavid
Extra Defensemen
Normal : Adam Larsson, Tobias Enstrom, Duncan Keith - PP : Adam Larsson - PK : Adam Larsson, Tobias Enstrom
Penalty Shots
Taylor Hall, Jordan Eberle, Connor McDavid, Benoit Pouliot, Dustin Brown

Scratches
Jordan Caron (Healthy)

% Time on Ice - Red Wings

Lines # - Real PCT - Wanted PCT - Time Play
Normal Forward
1 - 32% - 40% - 14:32
2 - 25% - 30% - 11:32
3 - 23% - 20% - 10:37
4 - 19% - 10% - 8:36
Normal Defense
1 - 40% - 40% - 18:07
2 - 33% - 30% - 14:48
3 - 20% - 20% - 9:12
4 - 7% - 10% - 3:10
PP Forward
1 - 58% - 60% - 4:14
2 - 42% - 40% - 3:07
PP Defense
1 - 50% - 60% - 3:42
2 - 50% - 40% - 3:39
PK Forward
1 - 73% - 60% - 5:21
2 - 27% - 40% - 2:01
PK Defense
1 - 61% - 60% - 4:31
2 - 39% - 40% - 2:51
PK3 Forward
1 - 0% - 60%
2 - 0% - 40%
PK3 Defense
1 - 0% - 60%
2 - 0% - 40%
44 Forward
1 - 66% - 55% - 3:19
2 - 34% - 45% - 1:41
44 Defense
1 - 51% - 60% - 2:33
2 - 49% - 40% - 2:27
Last Minute Offensive  - 0:00
Last Minute Defensive  - 0:00
Total
Forward - 65:00
Defense - 65:00

% Time on Ice - Oilers

Lines # - Real PCT - Wanted PCT - Time Play
Normal Forward
1 - 34% - 40% - 15:27
2 - 25% - 30% - 11:12
3 - 24% - 20% - 10:41
4 - 18% - 10% - 7:57
Normal Defense
1 - 37% - 40% - 16:47
2 - 33% - 30% - 14:59
3 - 25% - 20% - 11:19
4 - 5% - 10% - 2:12
PP Forward
1 - 59% - 60% - 4:21
2 - 41% - 40% - 3:01
PP Defense
1 - 71% - 60% - 5:12
2 - 29% - 40% - 2:10
PK Forward
1 - 80% - 60% - 5:55
2 - 20% - 40% - 1:26
PK Defense
1 - 66% - 60% - 4:51
2 - 34% - 40% - 2:30
PK3 Forward
1 - 100% - 60% - 0:35
2 - 0% - 40% - 0:00
PK3 Defense
1 - 91% - 60% - 0:32
2 - 9% - 40% - 0:03
44 Forward
1 - 82% - 60% - 3:36
2 - 18% - 40% - 0:49
44 Defense
1 - 47% - 60% - 2:04
2 - 53% - 40% - 2:21
Last Minute Offensive  - 0:00
Last Minute Defensive  - 0:00
Total
Forward - 65:00
Defense - 65:00

Play-by-Play

1st period


0:01 of 1st period - Mike Richards wins face-off versus Ryan Nugent-Hopkins in neutral zone.
0:17 of 1st period - Slapshot by Ryan Nugent-Hopkins.
0:17 of 1st period - Shot Blocked by Ryan O'Byrne.
0:57 of 1st period - Slapshot by Leon Draisaitl.
0:57 of 1st period - Stopped by Robin Lehner without a rebound.
0:58 of 1st period - David Krejci wins face-off versus Yanni Gourde in Red Wings zone.
1:23 of 1st period - Darnell Nurse is hit by Nino Niederreiter and loses puck.
1:56 of 1st period - Slapshot by Kris Versteeg.
1:56 of 1st period - Stopped by James Reimer with a rebound.
2:18 of 1st period - Wrist shot by Connor McDavid.
2:18 of 1st period - Shot Misses the Net.
2:20 of 1st period - Snap shot by Brock McGinn.
2:20 of 1st period - Deflect By Connor McDavid.
2:20 of 1st period - Stopped by Robin Lehner with a rebound.
3:32 of 1st period - Snap shot by Jordan Eberle.
3:32 of 1st period - Deflect By Taylor Hall.
3:32 of 1st period - Shot Misses the Net.
3:32 of 1st period - Puck is out of play.
3:33 of 1st period - Mike Richards wins face-off versus Ryan Nugent-Hopkins in Red Wings zone.
3:38 of 1st period - Snap shot by Marko Dano.
3:38 of 1st period - Stopped by James Reimer without a rebound.
3:39 of 1st period - Ryan Nugent-Hopkins wins face-off versus Mike Richards in Oilers zone.
4:14 of 1st period - Wrist shot by Cam Barker.
4:14 of 1st period - Stopped by Robin Lehner with a rebound.
4:30 of 1st period - Tobias Enstrom is hit by Philip Samuelsson and loses puck.
4:51 of 1st period - Wrist shot by Taylor Hall.
4:51 of 1st period - Shot Misses the Net.
5:23 of 1st period - Wrist shot by Mike Richards.
5:23 of 1st period - Stopped by James Reimer with a rebound.
7:07 of 1st period - Cam Barker is hit by Carson Mcmillan and loses puck.
7:24 of 1st period - Kris Versteeg is hit by Benoit Pouliot and loses puck.
8:17 of 1st period - Wrist shot by Connor McDavid.
8:17 of 1st period - Shot Blocked by Ryan O'Byrne.
8:37 of 1st period - Wrist shot by Connor Brown.
8:37 of 1st period - Deflect By Kris Versteeg.
8:37 of 1st period - Stopped by James Reimer without a rebound.
8:38 of 1st period - Ryan Nugent-Hopkins wins face-off versus Mike Richards in Oilers zone.
8:38 of 1st period - Ryan Nugent-Hopkins is hit by Nino Niederreiter.
9:09 of 1st period - Snap shot by Tye McGinn.
9:09 of 1st period - Deflect By Jordin Tootoo.
9:09 of 1st period - Stopped by James Reimer with a rebound.
9:25 of 1st period - Tobias Enstrom is hit by David Krejci and loses puck.
10:38 of 1st period - Jiri Fischer is hit by Yanni Gourde and loses puck.
10:55 of 1st period - Maxim Lapierre is hit by Carson Mcmillan and loses puck.
12:18 of 1st period - Brock McGinn is hit by Kris Versteeg and loses puck.
12:33 of 1st period - Cam Barker is hit by Jiri Fischer.
12:53 of 1st period - Maxim Lapierre is hit by Jiri Fischer and loses puck.
13:09 of 1st period - Adam Larsson is hit by Philip Samuelsson and loses puck.
13:39 of 1st period - David Krejci is hit by Ryan Nugent-Hopkins.
13:57 of 1st period - Rasmus Ristolainen is hit by Tye McGinn and loses puck.
14:26 of 1st period - Duncan Keith is hit by David Krejci and loses puck.
14:33 of 1st period - Snap shot by Carson Mcmillan.
14:33 of 1st period - Stopped by James Reimer without a rebound.
14:34 of 1st period - Mike Richards wins face-off versus Maxim Lapierre in Oilers zone.
14:54 of 1st period - Marko Dano is hit by Duncan Keith and loses puck.
15:54 of 1st period - Ryan O'Byrne is hit by Jordan Eberle and loses puck.
16:14 of 1st period - Slapshot by Drew Fata.
16:14 of 1st period - Stopped by James Reimer without a rebound.
16:15 of 1st period - Taylor Hall wins face-off versus Mike Richards in Oilers zone.
16:20 of 1st period - Snap shot by Cam Barker.
16:20 of 1st period - Stopped by Robin Lehner without a rebound.
16:21 of 1st period - Ryan Nugent-Hopkins wins face-off versus Mike Richards in Red Wings zone.
16:32 of 1st period - Slapshot by Jordan Eberle.
16:32 of 1st period - Shot Blocked by Marko Dano.
16:34 of 1st period - Slapshot by Rasmus Ristolainen.
16:34 of 1st period - Stopped by Robin Lehner with a rebound.
16:36 of 1st period - Wrist shot by Taylor Hall.
16:36 of 1st period - Stopped by Robin Lehner with a rebound.
16:38 of 1st period - Snap shot by Jordan Eberle.
16:38 of 1st period - Stopped by Robin Lehner with a rebound.
16:48 of 1st period - Wrist shot by Connor McDavid.
16:48 of 1st period - Shot Blocked by Jakub Kindl.
16:50 of 1st period - Snap shot by Brock McGinn.
16:50 of 1st period - Stopped by Robin Lehner with a rebound.
16:52 of 1st period - Snap shot by Brock McGinn.
16:52 of 1st period - Goal by Brock McGinn - Red Wings : 0 - Oilers : 1.
16:53 of 1st period - Ryan Nugent-Hopkins wins face-off versus Mike Richards in neutral zone.
17:22 of 1st period - Wrist shot by Connor McDavid.
17:22 of 1st period - Stopped by Robin Lehner without a rebound.
17:23 of 1st period - Mike Richards wins face-off versus Connor McDavid in Red Wings zone.
17:23 of 1st period - Mike Richards is hit by Benoit Pouliot.
17:26 of 1st period - Icing by Drew Fata.
17:27 of 1st period - Ryan Nugent-Hopkins wins face-off versus Mike Richards in Red Wings zone.
17:44 of 1st period - Snap shot by Taylor Hall.
17:44 of 1st period - Stopped by Robin Lehner with a rebound.
17:54 of 1st period - Slapshot by Jiri Fischer.
17:54 of 1st period - Shot Blocked by Connor McDavid.
18:04 of 1st period - Snap shot by Benoit Pouliot.
18:04 of 1st period - Stopped by Robin Lehner without a rebound.
18:05 of 1st period - Connor Brown wins face-off versus Ryan Nugent-Hopkins in Red Wings zone.
18:43 of 1st period - Minor Penalty to Cam Barker for Goalie Interference.
18:44 of 1st period - Nino Niederreiter wins face-off versus Connor McDavid in Oilers zone.
19:17 of 1st period - Off-side.
19:18 of 1st period - Dylan Larkin wins face-off versus Connor McDavid in neutral zone.
19:21 of 1st period - Wrist shot by David Rundblad.
19:21 of 1st period - Deflect By Kris Versteeg.
19:21 of 1st period - Stopped by James Reimer without a rebound.
19:22 of 1st period - Mike Richards wins face-off versus Connor McDavid in Oilers zone.
19:35 of 1st period - Wrist shot by Nino Niederreiter.
19:35 of 1st period - Shot Misses the Net.
Goals for this period are 0 for Red Wings vs 1 for Oilers.
Shots for this period are 8 for Red Wings vs 12 for Oilers.

2nd period


0:01 of 2nd period - Connor McDavid wins face-off versus Mike Richards in neutral zone.
0:04 of 2nd period - Wrist shot by Connor McDavid.
0:04 of 2nd period - Shot Misses the Net.
0:15 of 2nd period - Snap shot by Connor McDavid.
0:15 of 2nd period - Deflect By Taylor Hall.
0:15 of 2nd period - Stopped by Robin Lehner with a rebound.
0:43 of 2nd period - Penalty to Cam Barker is over, Cam Barker is back on ice.
0:58 of 2nd period - Minor Penalty to Tye McGinn for Hooking.
0:59 of 2nd period - Ryan Nugent-Hopkins wins face-off versus Kris Versteeg in Red Wings zone.
1:25 of 2nd period - Ryan O'Byrne is hit by Kasperi Kapanen.
1:49 of 2nd period - Slapshot by T.J. Hensick.
1:49 of 2nd period - Goal by T.J. Hensick - Red Wings : 1 - Oilers : 1.
1:50 of 2nd period - Kris Versteeg wins face-off versus Connor McDavid in neutral zone.
2:07 of 2nd period - Backhand shot by Tobias Enstrom.
2:07 of 2nd period - Stopped by Robin Lehner without a rebound.
2:08 of 2nd period - Ryan Nugent-Hopkins wins face-off versus Kris Versteeg in Red Wings zone.
2:23 of 2nd period - Slapshot by Leon Draisaitl.
2:23 of 2nd period - Goal by Leon Draisaitl - Red Wings : 1 - Oilers : 2.
2:24 of 2nd period - Ryan Nugent-Hopkins wins face-off versus Mike Richards in neutral zone.
2:33 of 2nd period - Slapshot by Philip Samuelsson.
2:33 of 2nd period - Shot Misses the Net.
2:35 of 2nd period - Slapshot by Mike Richards.
2:35 of 2nd period - Shot Blocked by Cam Barker.
3:42 of 2nd period - Backhand shot by Philip Samuelsson.
3:42 of 2nd period - Shot Misses the Net.
3:44 of 2nd period - Slapshot by Nino Niederreiter.
3:44 of 2nd period - Shot Misses the Net.
3:55 of 2nd period - Off-side.
3:56 of 2nd period - Yanni Gourde wins face-off versus Carson Mcmillan in neutral zone.
4:07 of 2nd period - Darnell Nurse is hit by Carson Mcmillan.
4:09 of 2nd period - Snap shot by Kasperi Kapanen.
4:09 of 2nd period - Shot Blocked by David Krejci.
4:11 of 2nd period - Slapshot by Ted Purcell.
4:11 of 2nd period - Shot Misses the Net.
4:47 of 2nd period - Snap shot by Maxim Lapierre.
4:47 of 2nd period - Stopped by Robin Lehner without a rebound.
4:48 of 2nd period - Mike Richards wins face-off versus Maxim Lapierre in Red Wings zone.
5:39 of 2nd period - Marko Dano is hit by Jordan Eberle and loses puck.
5:44 of 2nd period - Snap shot by Jordan Eberle.
5:44 of 2nd period - Stopped by Robin Lehner with a rebound.
5:46 of 2nd period - Snap shot by Ryan Nugent-Hopkins.
5:46 of 2nd period - Shot Misses the Net.
5:48 of 2nd period - Snap shot by Jordan Eberle.
5:48 of 2nd period - Shot Blocked by Mike Richards.
6:02 of 2nd period - Slapshot by Adam Larsson.
6:02 of 2nd period - Stopped by Robin Lehner without a rebound.
6:03 of 2nd period - Dylan Larkin wins face-off versus Yanni Gourde in Red Wings zone.
6:18 of 2nd period - Wrist shot by Ted Purcell.
6:18 of 2nd period - Shot Misses the Net.
6:26 of 2nd period - Wrist shot by Ted Purcell.
6:26 of 2nd period - Shot Misses the Net.
6:38 of 2nd period - Icing by Kasperi Kapanen.
6:39 of 2nd period - Yanni Gourde wins face-off versus Jordin Tootoo in Oilers zone.
6:52 of 2nd period - Slapshot by Kasperi Kapanen.
6:52 of 2nd period - Deflect By Yanni Gourde.
6:52 of 2nd period - Shot Misses the Net.
6:52 of 2nd period - Puck is out of play.
6:53 of 2nd period - Jordan Eberle wins face-off versus T.J. Hensick in Red Wings zone.
7:48 of 2nd period - Snap shot by Nino Niederreiter.
7:48 of 2nd period - Shot Misses the Net.
8:06 of 2nd period - Slapshot by Ted Purcell.
8:06 of 2nd period - Stopped by Robin Lehner with a rebound.
8:31 of 2nd period - Icing by Jakub Kindl.
8:32 of 2nd period - Connor McDavid wins face-off versus T.J. Hensick in Red Wings zone.
8:43 of 2nd period - Wrist shot by Connor McDavid.
8:43 of 2nd period - Stopped by Robin Lehner with a rebound.
8:51 of 2nd period - Wrist shot by Jordin Tootoo.
8:51 of 2nd period - Deflect By Brock McGinn.
8:51 of 2nd period - Stopped by James Reimer without a rebound.
8:52 of 2nd period - Mike Richards wins face-off versus Ryan Nugent-Hopkins in Oilers zone.
9:13 of 2nd period - Minor Penalty to Taylor Hall for Tripping.
9:14 of 2nd period - Marko Dano wins face-off versus Connor McDavid in Oilers zone.
9:21 of 2nd period - Wrist shot by Marko Dano.
9:21 of 2nd period - Stopped by James Reimer with a rebound.
9:45 of 2nd period - Cam Barker is hit by Philip Samuelsson and loses puck.
10:04 of 2nd period - Slapshot by Rasmus Ristolainen.
10:04 of 2nd period - Shot Blocked by David Rundblad.
11:13 of 2nd period - Penalty to Taylor Hall is over, Taylor Hall is back on ice.
11:22 of 2nd period - Wrist shot by Connor McDavid.
11:22 of 2nd period - Stopped by Robin Lehner with a rebound.
11:35 of 2nd period - Michael Haley is hit by Duncan Keith and loses puck.
11:48 of 2nd period - Slapshot by Connor McDavid.
11:48 of 2nd period - Shot Blocked by Jiri Fischer.
12:00 of 2nd period - Snap shot by Yanni Gourde.
12:00 of 2nd period - Shot Blocked by T.J. Hensick.
12:02 of 2nd period - Slapshot by Tobias Enstrom.
12:02 of 2nd period - Stopped by Robin Lehner with a rebound.
13:16 of 2nd period - Minor Penalty to Ted Purcell for Hooking.
13:17 of 2nd period - Connor McDavid wins face-off versus Dylan Larkin in Oilers zone.
14:42 of 2nd period - Maxim Lapierre is hit by Philip Samuelsson and loses puck.
15:16 of 2nd period - Penalty to Ted Purcell is over, Ted Purcell is back on ice.
15:26 of 2nd period - Snap shot by Connor McDavid.
15:26 of 2nd period - Shot Misses the Net.
16:18 of 2nd period - Snap shot by Taylor Hall.
16:18 of 2nd period - Stopped by Robin Lehner with a rebound.
16:34 of 2nd period - Tye McGinn is hit by Leon Draisaitl and loses puck.
16:44 of 2nd period - Off-side.
16:45 of 2nd period - Ryan Nugent-Hopkins wins face-off versus David Krejci in neutral zone.
17:01 of 2nd period - Minor Penalty to Michael Haley for Goalie Interference.
17:02 of 2nd period - Kris Versteeg wins face-off versus Ryan Nugent-Hopkins in Red Wings zone.
18:19 of 2nd period - Jordan Eberle is hit by Philip Samuelsson and loses puck.
19:01 of 2nd period - Penalty to Michael Haley is over, Michael Haley is back on ice.
19:21 of 2nd period - Wrist shot by Carson Mcmillan.
19:21 of 2nd period - Stopped by James Reimer with a rebound.
19:23 of 2nd period - Snap shot by Michael Haley.
19:23 of 2nd period - Stopped by James Reimer with a rebound.
19:40 of 2nd period - Snap shot by Carson Mcmillan.
19:40 of 2nd period - Shot Misses the Net.
19:42 of 2nd period - Snap shot by Carson Mcmillan.
19:42 of 2nd period - Shot Misses the Net.
19:48 of 2nd period - Slapshot by Carson Mcmillan.
19:48 of 2nd period - Stopped by James Reimer without a rebound.
19:49 of 2nd period - Mike Richards wins face-off versus Ryan Nugent-Hopkins in Oilers zone.
19:54 of 2nd period - Slapshot by Nino Niederreiter.
19:54 of 2nd period - Shot Misses the Net.
Goals for this period are 1 for Red Wings vs 1 for Oilers.
Shots for this period are 6 for Red Wings vs 11 for Oilers.

3rd period


0:01 of 3rd period - Ryan Nugent-Hopkins wins face-off versus Mike Richards in neutral zone.
0:43 of 3rd period - Backhand shot by Jordan Eberle.
0:43 of 3rd period - Stopped by Robin Lehner with a rebound.
0:45 of 3rd period - Snap shot by Jordan Eberle.
0:45 of 3rd period - Shot Misses the Net.
0:47 of 3rd period - Snap shot by Taylor Hall.
0:47 of 3rd period - Stopped by Robin Lehner without a rebound.
0:48 of 3rd period - Connor McDavid wins face-off versus Dylan Larkin in Red Wings zone.
1:02 of 3rd period - Wrist shot by Connor Brown.
1:02 of 3rd period - Shot Misses the Net.
1:04 of 3rd period - Wrist shot by Kris Versteeg.
1:04 of 3rd period - Stopped by James Reimer without a rebound.
1:05 of 3rd period - Mike Richards wins face-off versus Maxim Lapierre in Oilers zone.
1:06 of 3rd period - Snap shot by Nino Niederreiter.
1:06 of 3rd period - Stopped by James Reimer with a rebound.
1:32 of 3rd period - Brock McGinn is hit by Philip Samuelsson and loses puck.
2:44 of 3rd period - Snap shot by Mike Richards.
2:44 of 3rd period - Shot Misses the Net.
2:46 of 3rd period - Wrist shot by Nino Niederreiter.
2:46 of 3rd period - Shot Blocked by Tobias Enstrom.
3:51 of 3rd period - Snap shot by Yanni Gourde.
3:51 of 3rd period - Stopped by Robin Lehner without a rebound.
3:52 of 3rd period - David Krejci wins face-off versus Dustin Brown in Red Wings zone.
4:01 of 3rd period - Dustin Brown is hit by Carson Mcmillan and loses puck.
4:23 of 3rd period - Wrist shot by Nino Niederreiter.
4:23 of 3rd period - Shot Misses the Net.
4:25 of 3rd period - Backhand shot by Mike Richards.
4:25 of 3rd period - Shot Blocked by Rasmus Ristolainen.
4:27 of 3rd period - Slapshot by Philip Samuelsson.
4:27 of 3rd period - Stopped by James Reimer without a rebound.
4:28 of 3rd period - Connor McDavid wins face-off versus Dylan Larkin in Oilers zone.
4:44 of 3rd period - Minor Penalty to Kris Versteeg for Charging.
4:45 of 3rd period - Mike Richards wins face-off versus Kasperi Kapanen in Red Wings zone.
4:57 of 3rd period - Snap shot by Mike Richards.
4:57 of 3rd period - Stopped by James Reimer without a rebound.
4:58 of 3rd period - Connor McDavid wins face-off versus Mike Richards in Oilers zone.
5:23 of 3rd period - Rasmus Ristolainen is hit by Drew Fata and loses puck.
5:30 of 3rd period - Slapshot by Carson Mcmillan.
5:30 of 3rd period - Shot Misses the Net.
6:04 of 3rd period - Slapshot by Taylor Hall.
6:04 of 3rd period - Stopped by Robin Lehner with a rebound.
6:06 of 3rd period - Slapshot by Kasperi Kapanen.
6:06 of 3rd period - Shot Misses the Net.
6:08 of 3rd period - Wrist shot by Taylor Hall.
6:08 of 3rd period - Shot Misses the Net.
6:10 of 3rd period - Snap shot by Kasperi Kapanen.
6:10 of 3rd period - Shot Misses the Net.
6:22 of 3rd period - Wrist shot by Taylor Hall.
6:22 of 3rd period - Shot Misses the Net.
6:24 of 3rd period - Snap shot by Taylor Hall.
6:24 of 3rd period - Shot Misses the Net.
6:26 of 3rd period - Slapshot by Rasmus Ristolainen.
6:26 of 3rd period - Shot Blocked by Jiri Fischer.
6:28 of 3rd period - Slapshot by Rasmus Ristolainen.
6:28 of 3rd period - Stopped by Robin Lehner without a rebound.
6:29 of 3rd period - David Krejci wins face-off versus Ryan Nugent-Hopkins in Red Wings zone.
6:44 of 3rd period - Penalty to Kris Versteeg is over, Kris Versteeg is back on ice.
6:54 of 3rd period - Dylan Larkin is hit by Dustin Brown and loses puck.
7:07 of 3rd period - Ryan O'Byrne is hit by Dustin Brown and loses puck.
7:22 of 3rd period - Snap shot by T.J. Hensick.
7:22 of 3rd period - Shot Misses the Net.
7:24 of 3rd period - Wrist shot by Drew Fata.
7:24 of 3rd period - Deflect By Adam Larsson.
7:24 of 3rd period - Stopped by James Reimer without a rebound.
7:25 of 3rd period - Mike Richards wins face-off versus Maxim Lapierre in Oilers zone.
7:26 of 3rd period - Wrist shot by Marko Dano.
7:26 of 3rd period - Shot Misses the Net.
7:28 of 3rd period - Snap shot by Mike Richards.
7:28 of 3rd period - Goal by Mike Richards - Red Wings : 2 - Oilers : 2.
7:29 of 3rd period - Mike Richards wins face-off versus Ryan Nugent-Hopkins in neutral zone.
7:32 of 3rd period - Slapshot by Drew Fata.
7:32 of 3rd period - Shot Misses the Net.
8:15 of 3rd period - Slapshot by Jiri Fischer.
8:15 of 3rd period - Stopped by James Reimer with a rebound.
8:17 of 3rd period - Snap shot by Jiri Fischer.
8:17 of 3rd period - Deflect By T.J. Hensick.
8:17 of 3rd period - Shot Misses the Net.
8:17 of 3rd period - Puck is out of play.
8:18 of 3rd period - Maxim Lapierre wins face-off versus T.J. Hensick in Oilers zone.
9:04 of 3rd period - Jakub Kindl is hit by Connor McDavid and loses puck.
9:21 of 3rd period - Minor Penalty to Jakub Kindl for Hooking.
9:22 of 3rd period - Kris Versteeg wins face-off versus Taylor Hall in Red Wings zone.
10:59 of 3rd period - Taylor Hall is hit by Michael Haley and loses puck.
11:21 of 3rd period - Penalty to Jakub Kindl is over, Jakub Kindl is back on ice.
12:14 of 3rd period - Jakub Kindl is hit by Leon Draisaitl.
12:30 of 3rd period - Jordan Eberle is hit by Jakub Kindl and loses puck.
12:51 of 3rd period - Kasperi Kapanen is hit by Drew Fata and loses puck.
13:25 of 3rd period - David Rundblad is hit by Cam Barker.
13:40 of 3rd period - Leon Draisaitl is hit by Drew Fata and loses puck.
14:06 of 3rd period - Dylan Larkin is hit by Brock McGinn and loses puck.
14:56 of 3rd period - Off-side.
14:57 of 3rd period - Maxim Lapierre wins face-off versus T.J. Hensick in neutral zone.
16:05 of 3rd period - Ryan O'Byrne is hit by Darnell Nurse and loses puck.
17:34 of 3rd period - Jordan Eberle is hit by Jakub Kindl and loses puck.
17:41 of 3rd period - Snap shot by T.J. Hensick.
17:41 of 3rd period - Stopped by James Reimer with a rebound.
17:43 of 3rd period - Slapshot by Jakub Kindl.
17:43 of 3rd period - Shot Misses the Net.
17:45 of 3rd period - Slapshot by Tye McGinn.
17:45 of 3rd period - Stopped by James Reimer without a rebound.
17:46 of 3rd period - Mike Richards wins face-off versus Maxim Lapierre in Oilers zone.
17:47 of 3rd period - Wrist shot by Marko Dano.
17:47 of 3rd period - Deflect By Nino Niederreiter.
17:47 of 3rd period - Stopped by James Reimer without a rebound.
17:48 of 3rd period - Maxim Lapierre wins face-off versus Mike Richards in Oilers zone.
17:48 of 3rd period - Maxim Lapierre is hit by Nino Niederreiter.
18:35 of 3rd period - Minor Penalty to Brock McGinn for Holding Stick.
18:36 of 3rd period - Connor McDavid wins face-off versus Mike Richards in Oilers zone.
18:51 of 3rd period - Snap shot by Marko Dano.
18:51 of 3rd period - Shot Blocked by Connor McDavid.
Goals for this period are 1 for Red Wings vs 0 for Oilers.
Shots for this period are 10 for Red Wings vs 5 for Oilers.

Overtime #1


0:01 of 1st overtime period - Connor McDavid wins face-off versus Marko Dano in neutral zone.
0:31 of 1st overtime period - Icing by David Rundblad.
0:32 of 1st overtime period - Marko Dano wins face-off versus Connor McDavid in Red Wings zone.
0:35 of 1st overtime period - Penalty to Brock McGinn is over, Brock McGinn is back on ice.
0:57 of 1st overtime period - Wrist shot by Nino Niederreiter.
0:57 of 1st overtime period - Stopped by James Reimer without a rebound.
0:58 of 1st overtime period - Connor McDavid wins face-off versus Mike Richards in Oilers zone.
1:25 of 1st overtime period - Icing by Philip Samuelsson.
1:26 of 1st overtime period - Mike Richards wins face-off versus Connor McDavid in Red Wings zone.
1:26 of 1st overtime period - Mike Richards is hit by Taylor Hall.
2:20 of 1st overtime period - Snap shot by Leon Draisaitl.
2:20 of 1st overtime period - Shot Misses the Net.
2:31 of 1st overtime period - Icing by Cam Barker.
2:32 of 1st overtime period - Leon Draisaitl wins face-off versus Mike Richards in Oilers zone.
2:59 of 1st overtime period - Taylor Hall is hit by Philip Samuelsson and loses puck.
3:35 of 1st overtime period - Icing by Jiri Fischer.
3:36 of 1st overtime period - Mike Richards wins face-off versus Connor McDavid in Red Wings zone.
4:53 of 1st overtime period - Jiri Fischer is hit by Connor McDavid and loses puck.
Goals for this period are 0 for Red Wings vs 0 for Oilers.
Shots for this period are 1 for Red Wings vs 0 for Oilers.

ShootOut


5:00 of 1st overtime period - Round #1.
5:00 of 1st overtime period - Red Wings, Kris Versteeg.
5:00 of 1st overtime period - Wrist shot by Kris Versteeg.
5:00 of 1st overtime period - Goal by Kris Versteeg.
5:00 of 1st overtime period - Oilers, Taylor Hall.
5:00 of 1st overtime period - Wrist shot by Taylor Hall.
5:00 of 1st overtime period - Stopped by Robin Lehner.
5:00 of 1st overtime period - Round #2.
5:00 of 1st overtime period - Red Wings, Dylan Larkin.
5:00 of 1st overtime period - Snap shot by Dylan Larkin.
5:00 of 1st overtime period - Goal by Dylan Larkin.
5:00 of 1st overtime period - Oilers, Jordan Eberle.
5:00 of 1st overtime period - Snap shot by Jordan Eberle.
5:00 of 1st overtime period - Shot Misses the Net.
5:00 of 1st overtime period - Round #3.